Map: Romanticide LE

Players

souL - Winner!

  • Race: Terran Terran

ShoWTimE

  • Race: Protoss Protoss

Event: DreamHack SC2 Masters 2021 Fall

VOD

Have the link to the VOD?

Description

Time

  • Played on: Aug. 12, 2021, 1:14 p.m.
  • Length: 7:41

All games in this series

Show
View Real Time Build Order
Export as new Build Order

souL Terran - Winner!

Build Orders:  

Get SALT Encoding   

  12  0:00  SCV  
  13  0:12  SCV  
  14  0:17  Supply Depot  
  14  0:24  SCV  
  15  0:39  SCV  
  15  0:40  Barracks  
  16  0:45  Refinery  
  16  0:51  SCV  
  16  0:55  Refinery  
  17  1:03  SCV  
  18  1:15  SCV  
  19  1:27  Marine  
  19  1:28  Orbital Command  
  20  1:33  Factory  
  20  1:45  Supply Depot  
  20  1:46  Barracks Reactor  
  20  1:53  SCV  
  21  2:06  SCV  
  22  2:20  Barracks  
  22  2:22  Supply Depot  
  23  2:27  Hellion x2  
  23  2:29  Barracks Tech Lab  
  26  2:33  SCV  
  27  2:43  Starport  
  27  2:46  SCV  
  28  2:56  Siege Tank  
  28  2:57  Marine  
  32  3:01  Marine  
  33  3:08  Supply Depot  
  33  3:10  Marine  
  34  3:13  SCV  
  34  3:19  Marine  
  36  3:20  Marine  
  37  3:29  Siege Tank  
  37  3:31  Medivac  
  42  3:35  Marine  
  42  3:38  Marine  
  42  3:39  Marine  
  45  3:45  Supply Depot  
  45  3:56  Marine  
  45  3:57  Marine  
  47  4:06  Marine, Siege Tank  
  51  4:14  Marine, Viking  
  54  4:18  Marine  
  55  4:33  Bunker  
  55  4:39  Supply Depot  
  55  4:42  Bunker  
  55  4:45  Marine  
  55  4:51  Marine x2  
  55  4:56  Bunker  
  55  5:01  Siege Tank  
  55  5:09  Marine  
Show
View Real Time Build Order
Export as new Build Order

ShoWTimE Protoss 

Build Orders: 1 Gate Expand 

Get SALT Encoding   

  12  0:00  Probe  
  13  0:12  Probe  
  14  0:17  Pylon  
  14  0:24  Probe  
  15  0:35  Gateway  
  15  0:36  Probe (Chrono Boost)  
  16  0:45  Probe (Chrono Boost)  
  16  0:46  Assimilator  
  17  0:50  Probe (Chrono Boost)  
  18  1:03  Probe  
  19  1:15  Probe  
  20  1:22  Cybernetics Core  
  20  1:31  Nexus  
  20  1:39  Pylon  
  20  1:42  Probe  
  21  1:47  Assimilator  
  21  1:54  Probe  
  21  1:57  Stalker (Chrono Boost)  
  21  2:01  Warp Gate (Chrono Boost)  
  24  2:07  Probe  
  25  2:19  Probe  
  25  2:20  Stalker  
  28  2:31  Probe  
  29  2:38  Gateway  
  29  2:44  Probe x2  
  29  2:51  Robotics Facility  
  30  2:56  Probe  
  31  2:59  Stalker  
  31  3:03  Probe  
  34  3:08  Probe  
  35  3:15  Probe  
  36  3:20  Probe  
  37  3:27  Pylon, Probe  
  37  3:32  Probe  
  39  3:35  Stalker  
  39  3:36  Stalker  
  39  3:39  Observer (Chrono Boost), Probe  
  45  3:44  Pylon, Probe  
  46  3:51  Observer (Chrono Boost), Probe  
  48  3:57  Probe  
  48  3:59  Stalker x2  
  53  4:03  Probe (Chrono Boost)  
  53  4:07  Pylon  
  55  4:13  Probe (Chrono Boost)  
  55  4:15  Probe (Chrono Boost)  
  57  4:23  Probe (Chrono Boost)  
  59  4:24  Stalker  
  59  4:30  Pylon  
  63  4:34  Shield Battery  
  56  4:42  Gateway  
  52  4:48  Stalker  
  52  4:51  Shield Battery, Gateway  
  54  4:53  Gateway  

Tags
 
Add a new tag
Caveats
  • Supply blocks, unpowered buildings, or Contaminate may cause inaccurate times.
  • Supply counts are checked every 10 seconds.